 Dungeon Sprint DCSS version 0.27.1-33-g824d729ab1 (webtiles) character file.

Game seed: 4537061942488553095

21 boopmooplesden the Twirler (level 2, -6/26 HPs)
             Began as a Minotaur Gladiator on Dec 4, 2021.
             Was an Initiate of Okawaru.
             Mangled by a wolf (8 damage)
             ... in the Dungeon (Sprint VII: "The Pits").
             The game lasted 00:00:37 (174 turns).

boopmooplesden the Twirler (Minotaur Gladiator)      Turns: 174, Time: 00:00:37

Health: -6/26      AC:  3    Str: 18    XL:     2   Next: 62%
Magic:  1/1        EV: 13    Int:  5    God:    Okawaru [......]
Gold:   0          SH:  0    Dex: 11    Spells: 1/1 levels left

rFire    . . .     SeeInvis .   a - +0 quarterstaff
rCold    . . .     Faith    .   (shield currently unavailable)
rNeg     . . .     Spirit   .   b - +0 leather armour
rPois    .         Reflect  .   c - +0 hat
rElec    .         Harm     .   (no cloak)
rCorr    .         Rampage  .   (no gloves)
Will     .....     NoTele   +   (no boots)
Stlth    +.........             (no amulet)
HPRegen  0.08/turn              (no ring)
MPRegen  0.07/turn              (no ring)

@: no status effects
A: horns 2, retaliatory headbutt
a: Renounce Religion


You were in the Dungeon.
You worshipped Okawaru.
Okawaru was noncommittal.
You visited 1 branch

Inventory:

Hand Weapons
 a - a +0 quarterstaff (weapon)
 k - a +2 quarterstaff
Armour
 b - a +0 leather armour (worn)
 c - a +0 hat (worn)
Scrolls
 j - a scroll of blinking
 m - 5 scrolls of amnesia
 n - a scroll of summoning
Potions
 e - a potion of curing
 f - a potion of heal wounds
 g - a potion of haste
 h - 4 potions of magic
 i - 3 potions of berserk rage
 l - 2 potions of invisibility


   Skills:
 + Level 3.1 Fighting
 + Level 5.6 Staves
 + Level 2.4 Throwing
 + Level 0.1 Armour
 + Level 4.8 Dodging


You had one spell level left.
You didn't know any spells.
Your spell library was empty.

Dungeon Overview and Level Annotations

Branches:
Dungeon (1/1)

Altars:
Ashenzari
Cheibriados
Dithmenos
Elyvilon
Fedhas
Gozag
Hepliaklqana
Kikubaaqudgha
Makhleb
Nemelex Xobeh
Okawaru
Qazlal
Ru
Sif Muna
Trog
Uskayaw
Vehumet
Wu Jian
Xom
Yredelemnul
Zin
The Shining One
Beogh
Jiyva
Lugonu


Innate Abilities, Weirdness & Mutations

You have a pair of horns on your head.
You reflexively headbutt those who attack you in melee.


Message History

You barely miss the wolf. Your headbutt misses the wolf.
The wolf is moderately wounded.
The wolf bites you but does no damage. The orc closely misses you.
You furiously retaliate!
You headbutt the orc!
You kill the orc!
Okawaru accepts your kill.
You barely miss the wolf. Your headbutt misses the wolf.
The wolf is moderately wounded.
The wolf bites you!
* * * LOW HITPOINT WARNING * * *
The wolf barely misses you.
Throw: 3 throwing nets
Press: ? - help, Q - select action Shift-Dir - straight line, f - wolf
Aim: a wolf (moderately wounded, 38% to hit)
You throw a throwing net. The throwing net misses the wolf.
The wolf misses you. The kobold misses you. You furiously retaliate!
You headbutt the kobold!
You kill the kobold!
Okawaru accepts your kill.
Throw: 2 throwing nets
Press: ? - help, Q - select action Shift-Dir - straight line, f/p - wolf
Aim: a wolf (moderately wounded, 38% to hit)
You throw a throwing net.
The throwing net barely misses the wolf.
The wolf closely misses you. The wolf barely misses you.
Throw: throwing net
Press: ? - help, Q - select action Shift-Dir - straight line, f/p - wolf
Aim: a wolf (moderately wounded, 38% to hit)
You throw a throwing net. The throwing net hits the wolf.
The wolf is caught in the net!
The wolf is moderately wounded.
The wolf struggles against the net.
You hit the wolf.
The wolf is severely wounded.
The wolf struggles against the net. x2
The net rips apart, and the wolf comes free!
You closely miss the wolf.
The wolf is severely wounded.
The wolf bites you!
You die...

#+#####'#####......#.
#..)..# #........
#..)..# ####'####
###)### #.......#
#.....# #.......#
#.....# #.......#
####†##+###...<...#
#..).....##.......#
#.@h....(##.......#
###########.......#
#########


You could see a wolf.

Vanquished Creatures
  A gnoll (D)
  An orc (D)
  A goblin (D)
  3 jackals (D)
  A bat (D)
  A frilled lizard (D)
  2 kobolds (D)
10 creatures vanquished.

Notes
Turn   | Place    | Note
-------+----------+-------------------------------------------
     0 | D        | boopmooplesden the Minotaur Gladiator began the quest for
                  | the Orb.
     0 | D        | Reached XP level 1. HP: 18/18 MP: 0/0
    38 | D        | Found a bloodstained altar of Trog.
    38 | D        | Found a shimmering blue altar of Sif Muna.
    38 | D        | Found a viscous altar of Jiyva.
    38 | D        | Found a hazy altar of Hepliaklqana.
    38 | D        | Found an opulent altar of Gozag.
    39 | D        | Found a glowing golden altar of the Shining One.
    39 | D        | Found a glowing silver altar of Zin.
    39 | D        | Found a basalt altar of Yredelemnul.
    39 | D        | Found a shimmering altar of Xom.
    39 | D        | Found an ornate altar of the Wu Jian Council.
    39 | D        | Found a sacrificial altar of Ru.
    39 | D        | Found a stormy altar of Qazlal.
    39 | D        | Found an iron altar of Okawaru.
    39 | D        | Found a sparkling altar of Nemelex Xobeh.
    39 | D        | Found a burning altar of Makhleb.
    39 | D        | Found a blossoming altar of Fedhas.
    39 | D        | Found a white marble altar of Elyvilon.
    39 | D        | Found a shadowy altar of Dithmenos.
    39 | D        | Found a snail-covered altar of Cheibriados.
    41 | D        | Found a corrupted altar of Lugonu.
    41 | D        | Found a radiant altar of Vehumet.
    42 | D        | Found an ancient bone altar of Kikubaaqudgha.
    42 | D        | Found a hide-covered altar of Uskayaw.
    42 | D        | Found a broken altar of Ashenzari.
    48 | D        | Became a worshipper of Warmaster Okawaru
    65 | D        | Reached skill level 4 in Staves
    72 | D        | Reached skill level 5 in Staves
    72 | D        | Reached XP level 2. HP: 19/26 MP: 1/1
   162 | D        | Noticed a wolf
   174 | D        | Mangled by a wolf

Illustrated notes

Levels and vault maps discovered:
D:        pitsprint [storerooms_1, entrance_room_1, metal_vault_4, armoury_3,
          mini_pit_1, grid_room_1, main_hall_1, silver_pit, the_coven_2,
          the_vestibule_1, steel_vault_2, golden_pit, hallway_of_sentries,
          crystal_vault_1, iron_vault_2, final_vault]

Skill      XL: |  1 |
---------------+----+-----
Staves         | 5 |  5.6
Fighting       | 3 |  3.1
Dodging        | 4 |  4.8
Throwing       | |  2.4
Armour         | |  0.1

Action                   || total
-------------------------++-------
Melee: Quarterstaff      ||    18
       Headbutt          ||     3
Throw: Throwing net      ||     3
Armor: Leather armour    ||     7
Dodge: Dodged            ||    18
